Cogmind - Beta 17 *** ADVENTURER MODE // 2026.08.09 @ 20:42:25 Player: Tuja Result: Destroyed by G-73 Enforcer with Phase Gun Performance ------------- Evolutions (8) 4000 Regions Visited (17) 3400 Robots Destroyed (198) 990 Value Destroyed (11375) 11375 Prototype IDs (39) 780 Alien Tech Used (0) 0 Bonus (20975) 20975 TOTAL SCORE: 41520 Bonus ------- High Alert Combat Kills 3186 Follower Combat Kills 1439 Prayed to X0-1V1 5000 Major X0-1V1 Interference 8650 Entered Garrisons 400 Used RIF Installer 1500 Entered DSFs 500 Aligned with FarCom 300 Cogmind --------- Core Integrity 0/1680 Matter 72/300 Energy 90/100 System Corruption 27% Temperature Cool (9) Movement Walking (110) Location -2/Research Parts ------- > --- POWER (2) -------- (None) > --- PROPULSION (5) --- Biometal Leg > --- UTILITY (13) ----- (None) > --- WEAPON (4) ------- (None) > --- INVENTORY (5) ---- Cargo Storage Unit Quantum Rifle Enhanced Nova Cannon Enhanced Nova Cannon Peak State ------------ > --- POWER ------------ Antimatter Reactor Light Quantum Reactor > --- PROPULSION ------- Heavy Treads Heavy Treads Enhanced Armored Medium Treads > --- UTILITY ---------- Advanced Heat Sink Advanced Heat Sink Coolant Injector Cargo Storage Unit Compact Battery Advanced Terrain Scan Processor Improved Phase Shifter Advanced Force Field Improved System Shield Dynamic Insulation System Dynamic Insulation System X0-1V1's Piety Tracker > --- WEAPON ----------- Gamma Rifle Heavy Dispersion Rifle Enhanced Nova Cannon Coil Gun Mass Driver Heavy Scimitar of Distortion > --- INVENTORY -------- Antimatter Reactor Improved Heavy Treads Improved Heavy Treads Improved Heavy Treads Improved Heavy Treads Coolant Injector Cargo Storage Unit Compact Battery Experimental Terrain Scanner Hardened Heavy Armor Plating Advanced Force Field Advanced Force Field Advanced Force Field Relay Coupler [Grunt] Relay Coupler [Hunter] Quantum Rifle Precision Phase Gun Enhanced Nova Cannon Field Lobotomy Kit Plasma Cutter Gamma Bomb Trap Gamma Bomb Trap Gamma Bomb Trap Gamma Bomb Trap [Rating: 174] Favorites ----------- Power Light Antimatter Reactor Engine Backup Power I Power Core Micro Fission Core Reactor Light Antimatter Reactor Propulsion Thunder Leg Treads Improved Heavy Treads Leg Thunder Leg Wheel Compact Wheel Hover Unit Gravmag System Flight Unit Nuclear Pulse Array Utility X0-1V1's Piety Tracker Device X0-1V1's Piety Tracker Storage Cargo Storage Unit Processor Advanced Visual Processing Unit Hackware Improved System Shield Protection Layered Heavy Armor Plating Weapon Enhanced Hardcell Cannon Energy Gun Heavy Dispersion Rifle Energy Cannon Enhanced Nova Cannon Ballistic Gun Assault Rifle Ballistic Cannon Enhanced Hardcell Cannon Launcher Heavy Rocket Launcher Special Weapon Advanced Remote Datajack Slashing Weapon Axe Piercing Weapon Kinetic Spear Special Melee Weapon Advanced Datajack Build | -11 -10 -10 -10 -9 -8 -7 -7 -7 -7 -6 -5 -4 -3 -3 -3 -3 -2 ------- Run | Yrd Mat Min Exi Min Mat Fac Was Fac DSF Fac Fac Fac Res Gar Res Gar Res Slots Evolved 16 | . . . . . 4 2 . . . 2 2 2 2 . . . 2 Power . | . . . . . . . . . . . . . . . . . . Propulsion 3 | . . . . . 3 . . . . . . . . . . . . Utility 11 | . . . . . 1 2 . . . 2 2 2 2 . . . . Weapon 2 | . . . . . . . . . . . . . . . . . 2 Parts Attached 172 | 6 1 1 1 3 11 3 2 . 10 9 25 13 14 24 6 16 27 Power 18 | 1 . . . . 1 . . . 1 . 1 1 1 6 2 2 2 Engine 5 | 1 . . . . . . . . 1 . 1 1 . 1 . . . Core 1 | . . . . . 1 . . . . . . . . . . . . Reactor 12 | . . . . . . . . . . . . . 1 5 2 2 2 Propulsion 54 | 2 . . . 2 6 . 1 . 4 4 11 6 4 3 2 3 6 Treads 12 | 2 . . . . . . . . . . . . . 3 2 3 2 Leg 13 | . . . . . . . . . 3 3 5 . . . . . 2 Wheel 8 | . . . . 1 . . . . . . 5 . . . . . 2 Hover 10 | . . . . . 4 . . . . . 1 5 . . . . . Flight 11 | . . . . 1 2 . 1 . 1 1 . 1 4 . . . . Utility 59 | 1 1 1 1 1 2 3 . . 1 4 9 5 5 9 . 6 10 Device 32 | . 1 1 1 1 . 1 . . . 3 5 1 1 7 . 4 6 Storage 7 | 1 . . . . . . . . . . 2 . . 2 . 1 1 Processor 6 | . . . . . 2 . . . 1 . . 1 1 . . . 1 Hackware 9 | . . . . . . 1 . . . 1 1 1 3 . . . 2 Protection 5 | . . . . . . 1 . . . . 1 2 . . . 1 . Artifact . | . . . . . . . . . . . . . . . . . . Weapon 41 | 2 . . . . 2 . 1 . 4 1 4 1 4 6 2 5 9 Energy Gun 3 | 1 . . . . . . . . . . . . . 1 . 1 . Energy Cannon 4 | . . . . . . . . . 1 . . . . 1 1 . 1 Ballistic Gun 5 | 1 . . . . . . . . . . . . 1 1 1 . 1 Ballistic Cannon 14 | . . . . . . . . . 2 . 2 . 2 . . 4 4 Launcher 4 | . . . . . 2 . 1 . 1 . . . . . . . . Special Weapon 4 | . . . . . . . . . . . . . . 1 . . 3 Impact Weapon . | . . . . . . . . . . . . . . . . . . Slashing Weapon 2 | . . . . . . . . . . 1 . . . 1 . . . Piercing Weapon 4 | . . . . . . . . . . . 2 1 . 1 . . . Special Melee Weapon 1 | . . . . . . . . . . . . . 1 . . . . Unidentified Prototypes 6 | . 1 . . . . . . . 1 . 2 . 1 1 . . . Corrupted Parts 1 | . . . . . . . . . . . . . . . . . 1 System Corruption 10 | . . . . . . . . . . . . . . . . . 10 Parts Lost 113 | . . . . 3 9 . . . 8 6 12 3 7 9 2 10 44 Power 15 | . . . . 1 1 . . . . . 2 1 1 3 . 1 5 Propulsion 33 | . . . . . 5 . . . 4 4 6 . 3 . . 3 8 Utility 46 | . . . . 2 1 . . . 2 2 2 2 3 5 1 5 21 Weapon 19 | . . . . . 2 . . . 2 . 2 . . 1 1 1 10 Highest Loss Streak 13 | . . . . 3 7 . . . 5 4 6 2 5 2 1 7 13 To Critical Strikes . | . . . . . . . . . . . . . . . . . . Average Backups 15 | 2 7 7 7 7 7 6 7 7 5 5 10 13 11 18 23 23 23 Power 1 | . 1 1 1 1 1 1 1 1 . . . . . . . 2 3 Propulsion 2 | 1 4 5 4 4 1 1 1 1 . . 1 2 1 3 4 2 1 Utility 5 | . . . . . 2 2 2 2 1 . 3 5 1 5 10 10 7 Weapon 5 | . 1 1 . . . . 1 1 1 3 3 3 5 7 5 6 8 Tool/Special . | . . . . . . . . . . . . . . . . . . Unused Backups 27 | . 4 . 1 1 1 . . . . . 2 1 1 7 1 2 6 Power 3 | . . . . 1 . . . . . . . . . . . . 2 Propulsion 5 | . 4 . . . . . . . . . . . 1 . . . . Utility 12 | . . . . . 1 . . . . . 2 1 . 5 . 1 2 Weapon 7 | . . . 1 . . . . . . . . . . 2 1 1 2 Tool/Special . | . . . . . . . . . . . . . . . . . . Average Slot Usage (%) 79 | . 94 85 85 67 56 58 70 71 52 72 82 90 74 80 83 81 72 Engine 3 | . 14 14 14 6 . . . . . 7 7 6 . . . . . Reactor 3 | . . . . . . . . . . . . . 3 5 8 8 6 Treads 7 | . 26 14 14 . . . . . . . . . . 8 12 12 9 Leg 4 | . . . . . . . . . 2 12 12 23 4 . . . . Wheel 1 | . . . . 12 . . . . . . 6 . . . . . 1 Flight 2 | . . . . . 17 . 6 7 1 9 1 . 7 3 . . . Device 16 | . 9 14 14 11 7 5 7 7 7 3 7 14 7 18 29 26 21 Storage 7 | . 14 14 14 14 9 7 7 7 2 . 4 5 4 5 8 9 9 Processor 6 | . . . . . 7 14 14 14 15 18 10 5 11 8 3 3 3 Hackware 7 | . . . . . . 5 7 7 7 6 10 14 18 12 3 3 4 Protection 2 | . . . . . . 1 . . 2 . 3 5 4 2 3 2 . Energy Gun 2 | . 14 14 14 6 . . . . . . . . . 2 3 1 2 Ballistic Gun 1 | . 14 14 14 14 4 . . . . . . . . . . . . Ballistic Cannon 4 | . . . . . . . . . 8 6 5 . 4 5 3 6 9 Piercing Weapon 1 | . . . . . . . . . . . 4 12 3 . . . . Peak Build Rating 174 | 6 19 18 20 20 38 36 52 52 52 57 102 116 122 161 158 174 168 Average Rating 104 | 4 15 7 18 16 23 33 50 52 36 44 75 110 107 137 147 145 138 On Entrance 60 | . 6 18 6 20 17 21 36 52 52 45 54 99 105 111 154 153 148 Avg Prop Armor Cover (%) 5 | . . . . . 5 . 6 6 8 8 5 2 . . . 3 8 Naked Turns 1 | . . . . . . . . . . . . . . . . . 1 Heaviest Build 259 | 14 15 15 15 15 17 13 17 17 23 20 83 71 75 213 238 243 259 Greatest Support 197 | 40 40 20 20 20 36 18 18 18 28 49 128 128 112 197 185 178 178 Greatest Overweight (x) 51 | 1 . . . 1 . . . . 6 1 6 2 1 2 1 1 51 Average Overweight (x) . | . . . . . . . . . 1 . . . . . 1 1 2 Largest Inventory Capacity 30 | 8 8 8 8 8 8 8 8 8 8 5 15 15 15 30 30 30 30 Average Capacity 19 | 6 8 8 8 8 8 8 8 8 6 5 12 15 12 24 30 30 29 Most Carried 30 | 6 8 8 8 8 8 8 7 7 8 5 15 15 15 30 30 30 30 Average Carried 18 | 2 7 7 7 7 7 6 7 7 5 5 11 14 11 23 29 28 25 Final Capacity 30 | 8 8 8 8 8 8 8 8 8 5 5 15 15 10 30 30 30 5 Final Carried 30 | 6 8 7 8 7 8 8 7 7 5 5 15 13 10 30 27 30 5 Transmogrified Parts 15 | . . . . . . . . . . . . . . 15 . . . Integrity Recovered 586 | . . . . . . . . . . . . . . 586 . . . Class Distribution -------------------- 25% | Hacker-Mutant 18% | Scavenger-Mutant 11% | Mutant 9% | Hauler-Mutant 8% | Scavenger-Tank 8% | Wizard-Mutant 4% | Wizard-Skirmisher 3% | Hacker-Assassin Dominant Class ---------------- Mutant | -10/Materials Mutant | -10/Mines Mutant | -10/Exiles Mutant | -9/Mines Mutant | -8/Materials Hacker-Mutant | -7/Factory Hacker-Mutant | -7/Waste Hacker-Mutant | -7/Factory Hacker-Mutant | -7/DSF Hacker-Mutant | -6/Factory Hacker-Mutant | -5/Factory Hacker-Mutant | -4/Factory Wizard-Mutant | -3/Research Scavenger-Mutant | -3/Garrison Hauler-Mutant | -3/Research Scavenger-Mutant | -3/Garrison Scavenger-Tank | -2/Research Resources | -11 -10 -10 -10 -9 -8 -7 -7 -7 -7 -6 -5 -4 -3 -3 -3 -3 -2 ----------- Run | Yrd Mat Min Exi Min Mat Fac Was Fac DSF Fac Fac Fac Res Gar Res Gar Res Matter Collected 8441 | 260 32 20 . 55 55 . 1110 . 133 118 1425 356 39 1695 448 1566 1129 Remotely . | . . . . . . . . . . . . . . . . . . Salvage Created 9609 | . 97 . . . 226 . 1350 . 392 421 1153 686 274 1992 431 1473 1114 Parts 360 | . 15 . . . 10 . . . 16 17 35 41 18 82 21 63 42 Haulers Intercepted 1 | . . . . . . . . . . . 1 . . . . . . Recyclers Shooed 1 | . . . . . . . . . . . . . . . . . 1 Parts Field Recycled . | . . . . . . . . . . . . . . . . . . Retrieved Matter . | . . . . . . . . . . . . . . . . . . Parts Self-Destructed . | . . . . . . . . . . . . . . . . . . Prevented . | . . . . . . . . . . . . . . . . . . Parts Restored 1 | . . . . . . . . . . . 1 . . . . . . Broken 1 | . . . . . . . . . . . 1 . . . . . . Kills | -11 -10 -10 -10 -9 -8 -7 -7 -7 -7 -6 -5 -4 -3 -3 -3 -3 -2 ------- Run | Yrd Mat Min Exi Min Mat Fac Was Fac DSF Fac Fac Fac Res Gar Res Gar Res Combat Hostiles Destroyed 174 | . 6 . . . 6 . 6 . 15 15 12 8 6 37 8 34 21 Melee 20 | . . . . . . . . . . . 7 8 . 5 . . . Guns 25 | . 6 . . . . . . . . . . . . 9 3 5 2 Cannons 87 | . . . . . . . . . 7 2 5 . 1 22 5 27 18 AOE 36 | . . . . . 6 . 5 . 6 13 . . 5 . . . 1 Classes Destroyed 19 | . 1 . . . 5 . 1 . 3 . 4 . 1 1 1 1 1 Worker 6 | . . . . . . . . . . . 3 1 1 . . . 1 Builder 5 | . . . . . 1 . . . . . . . 1 . . . 3 Hauler 1 | . . . . . . . . . . . 1 . . . . . . Recycler 6 | . . . . . 2 . . . . . 3 1 . . . . . Operator 1 | . . . . . . . . . . . . . 1 . . . . Watcher 5 | . . . . . 1 . . . . . 1 . . . . 1 2 Swarmer 45 | . 6 . . . 3 . . . 3 4 . . 3 18 . 8 . Grunt 40 | . . . . . 2 . . . 5 11 6 . . 2 2 7 5 Brawler 1 | . . . . . . . . . . . . . . 1 . . . Duelist 5 | . . . . . . . . . 1 . . . . 4 . . . Protector 1 | . . . . . . . . . . . . . . . . . 1 Sentry 20 | . . . . . 1 . . . 1 . 1 4 . 4 2 5 2 Demolisher 1 | . . . . . . . . . . . . . . . 1 . . Specialist 8 | . . . . . . . . . 4 . . . . 1 . 3 . Hunter 18 | . . . . . . . . . . . 1 . 3 3 . 7 4 Programmer 25 | . . . . . . . . . . . 4 4 . 4 3 2 8 Heavy 2 | . . . . . . . . . 1 . . . . . . . 1 Behemoth 2 | . . . . . . . . . . . . . . . . 2 . Compactor 6 | . . . . . . . 6 . . . . . . . . . . Best Kill Streak 10 | . 3 . . . 7 . 5 . 5 10 3 2 4 4 2 5 4 Combat Bots Only 10 | . 3 . . . 3 . 5 . 5 10 3 2 3 4 2 5 4 Max Kills in Single Turn 4 | . 2 . . . 4 . 1 . 2 4 1 1 4 1 1 1 2 Gunslinging . | . . . . . . . . . . . . . . . . . . Exploded 4 | . . . . . 3 . 1 . 2 4 . . 3 . . . 1 Melee 1 | . . . . . . . . . . . 1 1 . 1 . . . Uniques/NPCs Destroyed . | . . . . . . . . . . . . . . . . . . Combat | -11 -10 -10 -10 -9 -8 -7 -7 -7 -7 -6 -5 -4 -3 -3 -3 -3 -2 -------- Run | Yrd Mat Min Exi Min Mat Fac Was Fac DSF Fac Fac Fac Res Gar Res Gar Res Hostile Shots Fired 2081 | . 21 . . 34 132 . . . 94 36 144 102 109 316 32 586 475 Missed 612 | . 6 . . 7 55 . . . 31 10 40 48 34 94 7 159 121 Hits 1469 | . 15 . . 27 77 . . . 63 26 104 54 75 222 25 427 354 Melee 31 | . . . . 7 . . . . . . . 3 . 4 . . 17 Projectile 1438 | . 15 . . 20 77 . . . 63 26 104 51 75 218 25 427 337 AOE 2 | . . . . . . . . . . . . . . . 2 . . Critical Strikes 70 | . . . . 4 2 . . . 4 1 6 3 2 1 3 12 32 Part Disruptions 3 | . . . . 1 . . . . . . 1 . . . . . 1 Actively Blocked 1 | . . . . . . . . . . . . . . . . . 1 Damage Taken 20248 | . 85 . . 329 798 . . . 977 491 1638 838 911 3207 293 3885 6796 Core 3141 | . 7 . . 146 220 . . . 270 89 189 43 114 167 16 198 1682 Absorbed by Shields 3523 | . . . . . . . . . 60 . . . 73 326 307 2078 679 Reduced by Siege Mode 556 | . . . . . . . . . . . . . . 47 8 325 176 Ignored by Resistances 6754 | . 30 . . 98 233 . . . 280 236 456 231 340 970 165 1694 2021 Regen/Repaired (Parts) 115 | . . . . . . . . . . . 115 . . . . . . Core Remaining (%) 75 | 100 . . . 38 60 . . . 70 91 84 96 . . . 67 . Volleys Fired 470 | . 9 . . . 7 . 21 . 34 13 26 . 10 119 26 114 91 Largest 5 | . 2 . . . 1 . 2 . 2 2 3 . 2 3 4 5 4 Hottest 366 | . 60 . . . 33 . 72 . 80 79 127 . 94 211 291 366 330 Shots Fired 954 | . 18 . . . 7 . 38 . 67 21 53 . 14 239 46 256 195 Gun 205 | . 18 . . . . . . . . . . . . 99 26 35 27 Cannon 667 | . . . . . . . . . 55 8 53 . 14 140 20 221 156 Launcher 70 | . . . . . 7 . 38 . 12 13 . . . . . . . Special 12 | . . . . . . . . . . . . . . . . . 12 Kinetic 624 | . 9 . . . . . . . 55 8 53 . 14 163 19 164 139 Thermal 228 | . . . . . . . . . . . . . . 76 27 81 44 Explosive 70 | . . . . . 7 . 38 . 12 13 . . . . . . . Electromagnetic 20 | . 9 . . . . . . . . . . . . . . 11 . Robot Hit Streak 104 | . 3 . . . 4 . 30 . 48 22 25 . 12 41 76 104 34 Robot Miss Streak 5 | . 3 . . . 1 . 1 . 2 1 2 . 1 5 . 3 3 Penetration Max 1 | . . . . . . . . . . 1 . . . . 1 . . Secondary Targets 1 | . . . . . . . . . . . . . . 1 . . . Max Gunslinging Chain 1 | . . . . . . . . . . . . . . 1 . . . Shots Hit Robots 815 | . 9 . . . 6 . 35 . 54 17 74 31 14 186 35 204 150 Core Hits 362 | . 6 . . . 13 . 10 . 26 29 33 13 10 81 18 67 56 Critical Kills 4 | . . . . . . . . . . . . . . . 2 2 . Critical Parts Destroyed 10 | . . . . . . . . . . . . . . 4 6 . . Critical Strikes 77 | . . . . . . . . . 5 . 8 4 1 24 11 14 10 Burn 4 | . . . . . . . . . . . . . . 1 . . 3 Destroy 15 | . . . . . . . . . . . . . . 4 9 2 . Blast 47 | . . . . . . . . . 5 . 5 . 1 16 2 11 7 Corrupt 1 | . . . . . . . . . . . . . . . . 1 . Sever 1 | . . . . . . . . . . . 1 . . . . . . Impale 9 | . . . . . . . . . . . 2 4 . 3 . . . Melee Attacks 169 | . . . . . . . . . . . 67 53 21 28 . . . Impact . | . . . . . . . . . . . . . . . . . . Slashing 18 | . . . . . . . . . . . 11 . . 7 . . . Piercing 151 | . . . . . . . . . . . 56 53 21 21 . . . Sneak Attacks 10 | . . . . . . . . . . . 5 2 1 2 . . . Combat Hostiles 2 | . . . . . . . . . . . . . . 2 . . . Follow-up Attacks 11 | . . . . . . . . . . . 5 4 . 2 . . . Damage Inflicted 37274 | . 128 . . 2 1460 . 3514 . 2512 2073 2489 1323 907 6602 1292 7955 7017 Guns 4404 | . 119 . . . . . . . . . . . . 2078 662 759 786 Cannons 18821 | . . . . . . . . . 1347 188 1054 . 236 2745 630 7196 5425 Explosions 9272 | . . . . . 1426 . 3514 . 1165 1885 . . 581 . . . 701 Melee 4548 | . . . . . . . . . . . 1408 1323 90 1727 . . . Ramming 229 | . 9 . . 2 34 . . . . . 27 . . 52 . . 105 Kinetic 16408 | . 63 . . . . . . . 1347 188 1054 . 236 3386 499 4817 4818 Thermal 6564 | . . . . . . . . . . . . . . 1437 793 2850 1484 Explosive 8984 | . . . . . 1426 . 3514 . 1165 1885 . . 384 . . . 610 Electromagnetic 541 | . 56 . . . . . . . . . . . 197 . . 288 . Impact . | . . . . . . . . . . . . . . . . . . Slashing 563 | . . . . . . . . . . . 301 . . 262 . . . Piercing 3985 | . . . . . . . . . . . 1107 1323 90 1465 . . . Highest Corruption 27 | . . . . 26 . . . . . . 4 3 2 8 8 1 27 Average Corruption 3 | . . . . 16 . . . . . . 3 1 2 6 4 1 6 Corruption Purged . | . . . . . . . . . . . . . . . . . . Corruption Blocked . | . . . . . . . . . . . . . . . . . . Effects 128 | . . . . 12 . . . . . . 9 5 . 34 12 22 34 Message Errors 32 | . . . . 2 . . . . . . 1 . . 11 3 7 8 Matter Fused 40 | . . . . 3 . . . . . . 5 2 . 9 5 6 10 Heat Flow Errors 10 | . . . . 2 . . . . . . 2 1 . 3 . . 2 Energy Discharges 14 | . . . . 2 . . . . . . . 1 . 4 1 4 2 Parts Rejected 1 | . . . . 1 . . . . . . . . . . . . . Parts Fused 2 | . . . . . . . . . . . . 1 . . . . 1 Data Loss (minor) 15 | . . . . . . . . . . . . . . 5 3 2 5 Data Loss (major) 7 | . . . . . . . . . . . 1 . . . . 2 4 Misfires 1 | . . . . . . . . . . . . . . . . . 1 Misdirections 2 | . . . . 2 . . . . . . . . . . . . . Weapon Failures 4 | . . . . . . . . . . . . . . 2 . 1 1 Overload Shots . | . . . . . . . . . . . . . . . . . . Overflow Damage 1445 | . . . . . 95 . . . 39 79 79 267 11 154 86 98 537 Projectiles 653 | . . . . . . . . . 34 . 12 . . 18 86 98 405 Explosions 318 | . . . . . 91 . . . 5 79 . . 11 . . . 132 Melee 474 | . . . . . 4 . . . . . 67 267 . 136 . . . Knockbacks 97 | . . . . . . . . . 2 1 14 . 4 21 3 13 39 Impact . | . . . . . . . . . . . . . . . . . . Kinetic 93 | . . . . . . . . . 2 1 14 . 4 21 3 12 36 Secondary 4 | . . . . . . . . . . . . . . . . 1 3 Self-Inflicted Damage 548 | . . . . 1 74 . . . . 187 13 . 165 . . . 108 Shots 11 | . . . . . 4 . . . . 3 . . 2 . . . 2 Rammed 21 | . 1 . . 1 4 . . . . . 1 . . 6 . . 8 Targets Rammed 25 | . 1 . . 1 4 . . . . . 1 . . 7 . . 11 Kicked 3 | . . . . . . . . . . . . . . . . . 3 Crushed 1 | . . . . . . . . . . . . . . 1 . . . Highest Temperature 972 | . . . . 219 30 . . . 972 21 411 294 . 409 322 185 439 Average Temperature 135 | . . . . 70 11 . . . 364 8 193 73 . 87 143 94 105 Received Heat Transfer 3424 | . . . . 253 291 . . . 205 252 445 198 21 196 43 507 1013 Effects 32 | . . . . . . . . . 17 . 9 . . 4 1 . 1 Shutdowns 3 | . . . . . . . . . . . 3 . . . . . . Energy Bleed 6 | . . . . . . . . . 4 . 1 . . . 1 . . Interference 9 | . . . . . . . . . 3 . 3 . . 3 . . . Matter Decay 1 | . . . . . . . . . 1 . . . . . . . . Short Circuit 8 | . . . . . . . . . 5 . 2 . . 1 . . . Damage (minor) 2 | . . . . . . . . . 1 . . . . . . . 1 Damage (major) 2 | . . . . . . . . . 2 . . . . . . . . Damage (core) 1 | . . . . . . . . . 1 . . . . . . . . Siege Activations 15 | . . . . . . . . . . . . . . 3 3 8 1 Total Turns 329 | . . . . . . . . . . . . . . 39 47 207 36 Longest Duration 68 | . . . . . . . . . . . . . . 17 21 68 36 Martial Activations . | . . . . . . . . . . . . . . . . . . Shielding Activations . | . . . . . . . . . . . . . . . . . . Robots Disrupted . | . . . . . . . . . . . . . . . . . . Combat Hostiles . | . . . . . . . . . . . . . . . . . . Robots Corrupted 1 | . . . . . . . . . . . . . . . . 1 . Combat Hostiles 1 | . . . . . . . . . . . . . . . . 1 . Parts Fried 5 | . . . . . . . . . . . . . 1 . . 1 3 Impact Corruptions 4 | . . . . . 1 . . . . . . . . . . 1 2 Robots Melted 2 | . . . . . . . . . . . . . . 1 . 1 . Combat Hostiles 2 | . . . . . . . . . . . . . . 1 . 1 . Parts Melted 15 | . . . . . . . . . 1 . 5 . . 5 . 2 2 Heat Transferred 7236 | . . . . . . . . . . . . . . 2277 851 2516 1592 Parts Sabotaged . | . . . . . . . . . . . . . . . . . . Parts Stolen . | . . . . . . . . . . . . . . . . . . Parts Stripped . | . . . . . . . . . . . . . . . . . . Power Chain Reactions . | . . . . . . . . . . . . . . . . . . Alert | -11 -10 -10 -10 -9 -8 -7 -7 -7 -7 -6 -5 -4 -3 -3 -3 -3 -2 ------- Run | Yrd Mat Min Exi Min Mat Fac Was Fac DSF Fac Fac Fac Res Gar Res Gar Res Maximum Alert Level 5 | . . . . . 1 . . . 1 2 1 . . 5 3 5 4 Low Security (%) 45 | 100 100 100 . 100 98 100 100 100 59 24 99 100 100 15 . . . Level 1 4 | . . . . . 1 . . . 40 22 . . . 11 . . . Level 2 8 | . . . . . . . . . . 52 . . . 23 . 13 . Level 3 25 | . . . . . . . . . . . . . . 19 100 29 91 Level 4 11 | . . . . . . . . . . . . . . 16 . 43 8 Level 5 5 | . . . . . . . . . . . . . . 13 . 13 . High Security . | . . . . . . . . . . . . . . . . . . Max Security . | . . . . . . . . . . . . . . . . . . Sterilizations 1 | . . . . . . . . . 1 . . . . . . . . Peak Influence 1943 | . 79 12 . 105 235 107 35 2 397 470 204 194 198 1943 952 1885 1152 Initial 952 | . . 12 . . 27 91 13 2 2 180 177 77 68 61 952 538 923 Average 552 | . 28 . . 32 40 80 17 2 202 346 35 93 65 816 825 1151 950 Influence Increases 8892 | . 166 . . 145 405 44 82 3 475 470 942 554 459 1972 349 1447 1379 Destroy 0b10 Robot/C 3960 | . 120 . . 40 120 . . . 300 300 380 260 140 740 220 680 660 Destroy 0b10 Robot/NC 190 | . . . . . 20 . . . 5 . 40 20 15 25 5 5 55 Destroy Leader 584 | . 20 . . . 22 . . . 50 20 114 54 20 40 60 60 124 Allied During Kill 119 | . . . . . . . . . . . 37 10 2 1 23 . 46 Trap Triggered on 0b10 30 | . . . . . . . . . . . . . . . . 30 . Successful Hack 192 | . 11 . . . 12 44 . 3 . 4 61 8 15 12 . 12 10 Disable Machine 270 | . . . . . 18 . . . 18 27 45 36 54 18 18 18 18 Anti-Garrison Action 1550 | . . . . . . . . . . . . . . 1000 . 550 . Destroy Structure 1063 | . . . . . 48 . 82 . 57 104 190 136 138 106 8 32 162 Partial Spotted 45 | . . . . . 30 . . . . . . . . . . . 15 Lose Combat Pursuer 675 | . 15 . . 105 135 . . . 45 15 75 30 75 30 15 60 75 Miscellaneous 214 | . . . . . . . . . . . . . . . . . 214 Influence Decreases 8120 | . 127 39 . 60 255 234 122 3 83 447 1178 586 518 122 1481 373 2492 Entered New Map 3176 | . . 27 . . 58 144 32 3 3 217 243 107 84 32 991 273 962 Time Decay 3426 | . 127 12 . 60 110 90 90 . . 170 814 409 304 . 430 . 810 Lost Part 1038 | . . . . . 87 . . . 80 60 61 30 70 90 20 100 440 Lost Ally 449 | . . . . . . . . . . . 60 40 29 . 40 . 280 Purge Threat 31 | . . . . . . . . . . . . . 31 . . . . Squads Dispatched 51 | . . 1 . . 2 2 . . 3 2 11 5 4 . 7 . 14 Investigation 12 | . . 1 . . . 1 . . . 1 6 . 1 . 1 . 1 Extermination 13 | . . . . . . 1 . . . . 3 2 2 . 2 . 3 Reinforcement 17 | . . . . . 2 . . . 3 1 1 3 1 . 1 . 5 Assault 4 | . . . . . . . . . . . . . . . . . 4 Garrison 5 | . . . . . . . . . . . 1 . . . 3 . 1 Intercept . | . . . . . . . . . . . . . . . . . . Searches Triggered . | . . . . . . . . . . . . . . . . . . Construction Impeded 5 | . . . . . 1 . . . . . . 1 . . 1 . 2 Haulers Reinforced 1 | . . . . . . . . . . 1 . . . . . . . Active Scanning Responses . | . . . . . . . . . . . . . . . . . . Cargo Convoy Interrupts 1 | . . . . . . . . . . . . . . . . . 1 Stealth | -11 -10 -10 -10 -9 -8 -7 -7 -7 -7 -6 -5 -4 -3 -3 -3 -3 -2 --------- Run | Yrd Mat Min Exi Min Mat Fac Was Fac DSF Fac Fac Fac Res Gar Res Gar Res Distress Signals 11 | . . . . . 3 . . . . . 2 1 1 . 2 . 2 Communications Jammed . | . . . . . . . . . . . . . . . . . . Distress Signals . | . . . . . . . . . . . . . . . . . . Times Spotted 352 | . 9 . . 34 26 2 6 . 13 16 25 21 24 38 20 41 77 Peak Tracking Total 20 | . 4 . . 20 15 2 2 . 4 6 4 6 6 4 3 6 13 Tactical Retreats 31 | . 1 . . 4 3 . . . 3 1 3 2 3 1 1 4 5 Traps | -11 -10 -10 -10 -9 -8 -7 -7 -7 -7 -6 -5 -4 -3 -3 -3 -3 -2 ------- Run | Yrd Mat Min Exi Min Mat Fac Was Fac DSF Fac Fac Fac Res Gar Res Gar Res Traps Triggered 13 | . . . . . . 1 . . 3 . 1 . . 5 . 3 . Indirectly . | . . . . . . . . . . . . . . . . . . Trap Hack Attempts . | . . . . . . . . . . . . . . . . . . Triggered . | . . . . . . . . . . . . . . . . . . Disarmed . | . . . . . . . . . . . . . . . . . . Reprogrammed . | . . . . . . . . . . . . . . . . . . Reused 3 | . . . . . . . . . . . . . . . . 3 . Traps Extracted . | . . . . . . . . . . . . . . . . . . Installed 4 | . . . . . . . . . . . . . . . . 4 . Triggered 3 | . . . . . . . . . . . . . . . . 3 . Most Traps Carried 4 | . . . . . . . . . . . . . . . . 4 . Objects Rigged 1 | . . . . . . . . . . . . . 1 . . . . Exploded 1 | . . . . . . . . . . . . . 1 . . . . Machines | -11 -10 -10 -10 -9 -8 -7 -7 -7 -7 -6 -5 -4 -3 -3 -3 -3 -2 ---------- Run | Yrd Mat Min Exi Min Mat Fac Was Fac DSF Fac Fac Fac Res Gar Res Gar Res Machines Disabled 33 | . . . . . 2 . . . 2 3 5 4 6 4 2 3 2 Max in Single Turn 3 | . . . . . 2 . . . 1 2 3 . 2 1 1 1 1 Garrison Access 2 | . . . . . . . . . . . 1 . . . . . 1 Garrison Relay 2 | . . . . . . . . . . . . . . 1 . 1 . Phase Generator 2 | . . . . . . . . . . . . . . 1 . 1 . Machines Repaired . | . . . . . . . . . . . . . . . . . . Machines Dismantled 2 | . . . . . . . . . . . . . . 2 . . . Machines Sabotaged . | . . . . . . . . . . . . . . . . . . Overloaded Fab Kills . | . . . . . . . . . . . . . . . . . . Hacking | -11 -10 -10 -10 -9 -8 -7 -7 -7 -7 -6 -5 -4 -3 -3 -3 -3 -2 --------- Run | Yrd Mat Min Exi Min Mat Fac Was Fac DSF Fac Fac Fac Res Gar Res Gar Res Machines Accessed 63 | . 3 . 1 . 6 6 . 1 . 3 20 2 11 2 3 1 4 Terminals 40 | . 3 . . . 5 6 . 1 . 1 11 1 8 2 1 1 . Fabricators 7 | . . . . . . . . . . . 4 . . . 1 . 2 Repair Stations 1 | . . . . . . . . . . 1 . . . . . . . Recycling Units 5 | . . . . . . . . . . 1 3 . 1 . . . . Scanalyzers 4 | . . . . . . . . . . . 1 1 1 . . . 1 Garrison Access 5 | . . . . . 1 . . . . . 1 . 1 . 1 . 1 Total Hacks 178 | . 9 . 1 . 21 15 . 1 . 5 52 8 48 4 4 1 9 Successful 98 | . 5 . 1 . 6 6 . 1 . 1 27 6 38 1 1 1 4 Failed 80 | . 4 . . . 15 9 . . . 4 25 2 10 3 3 . 5 Catastrophic 16 | . 1 . . . 4 3 . . . 1 4 . 1 . 1 . 1 Database Lockouts . | . . . . . . . . . . . . . . . . . . Manual 77 | . 3 . 1 . 17 7 . . . . 15 2 26 . 3 . 3 Terminals 132 | . 9 . . . 19 15 . 1 . 3 31 5 43 4 1 1 . Fabricators 17 | . . . . . . . . . . . 11 . . . 2 . 4 Repair Stations 1 | . . . . . . . . . . 1 . . . . . . . Recycling Units 8 | . . . . . . . . . . 1 6 . 1 . . . . Scanalyzers 10 | . . . . . . . . . . . 1 3 3 . . . 3 Garrison Access 9 | . . . . . 2 . . . . . 3 . 1 . 1 . 2 Terminal Hacks 54 | . 5 . 1 . 4 4 . 1 . . 12 2 23 1 . 1 . Record 1 | . . . . . . . . . . . . . 1 . . . . Part Schematic 3 | . . . . . . . . . . . 3 . . . . . . Robot Schematic 1 | . 1 . . . . . . . . . . . . . . . . Robot Analysis 2 | . 1 . . . . . . . . . . . 1 . . . . Open DSF 1 | . . . . . . . . 1 . . . . . . . . . Level Access Points 4 | . 1 . . . . . . . . . 1 1 1 . . . . Branch Access Points 3 | . . . . . . 1 . . . . 1 . 1 . . . . Emergency Access Points 7 | . . . . . 1 1 . . . . . . 4 . . 1 . Machine Index 3 | . . . . . . 1 . . . . . 1 1 . . . . Terminal Index 4 | . 1 . . . 1 . . . . . 1 . 1 . . . . Fabricator Index 1 | . . . . . . . . . . . . . 1 . . . . Garrison Index 2 | . . . . . . . . . . . 1 . 1 . . . . Alert Level 1 | . . . . . . . . . . . 1 . . . . . . Unreport Threat 2 | . . . . . . . . . . . . . 2 . . . . Locate Traps 5 | . . . . . 1 1 . . . . 1 . 2 . . . . Dispatch Records 2 | . . . . . . . . . . . 1 . 1 . . . . Maintenance Status 1 | . . . . . . . . . . . 1 . . . . . . Recall Investigation 1 | . . . . . . . . . . . 1 . . . . . . Recall Extermination 2 | . . . . . . . . . . . . . 2 . . . . Zone Layout 6 | . 1 . . . 1 . . . . . . . 4 . . . . Patrol Navigation 1 | . . . . . . . . . . . . . . 1 . . . Proto ID Catalog 1 | . . . 1 . . . . . . . . . . . . . . Fabricator Hacks 6 | . . . . . . . . . . . 6 . . . . . . Load Schematic 3 | . . . . . . . . . . . 3 . . . . . . Build 3 | . . . . . . . . . . . 3 . . . . . . Repair Station Hacks 1 | . . . . . . . . . . 1 . . . . . . . Refit 1 | . . . . . . . . . . 1 . . . . . . . Recycling Unit Hacks 5 | . . . . . . . . . . . 4 . 1 . . . . Process 1 | . . . . . . . . . . . 1 . . . . . . Retrieve Matter 1 | . . . . . . . . . . . 1 . . . . . . Retrieve Components 3 | . . . . . . . . . . . 2 . 1 . . . . Scanalyzer 6 | . . . . . . . . . . . 1 3 1 . . . 1 Insert Component 1 | . . . . . . . . . . . . 1 . . . . . Analyze 1 | . . . . . . . . . . . . 1 . . . . . Retrieve Study 4 | . . . . . . . . . . . 1 1 1 . . . 1 Garrison Access Hacks 5 | . . . . . . . . . . . 1 . 1 . 1 . 2 Unlock Access 2 | . . . . . . . . . . . . . 1 . 1 . . Seal Access 2 | . . . . . . . . . . . 1 . . . . . 1 Coupler Status 1 | . . . . . . . . . . . . . . . . . 1 Unauthorized Hacks 21 | . . . . . 2 2 . . . . 3 1 12 . . . 1 Terminals 19 | . . . . . 2 2 . . . . 2 1 12 . . . . Assimilate 4 | . . . . . . . . . . . . . 4 . . . . Botnet 8 | . . . . . 1 2 . . . . 2 1 2 . . . . Detonate 1 | . . . . . . . . . . . . . 1 . . . . Disrupt 1 | . . . . . 1 . . . . . . . . . . . . Skim 5 | . . . . . . . . . . . . . 5 . . . . Fabricators 2 | . . . . . . . . . . . 1 . . . . . 1 Fabnet 2 | . . . . . . . . . . . 1 . . . . . 1 Repair Stations . | . . . . . . . . . . . . . . . . . . Recycling Units . | . . . . . . . . . . . . . . . . . . Scanalyzers . | . . . . . . . . . . . . . . . . . . Garrison Access . | . . . . . . . . . . . . . . . . . . Data Cores Recovered . | . . . . . . . . . . . . . . . . . . Used . | . . . . . . . . . . . . . . . . . . Hacking Detections 53 | . 2 . . . 6 6 . . . 2 17 2 9 2 3 . 4 Full Trace Events 10 | . . . . . 1 1 . . . 1 4 . 1 . 1 . 1 Feedback Events . | . . . . . . . . . . . . . . . . . . Feedback Blocked . | . . . . . . . . . . . . . . . . . . Robot Schematics Acquired 1 | . 1 . . . . . . . . . . . . . . . . Robots Built 1 | . . . . . . . . . . . 1 . . . . . . Authchips . | . . . . . . . . . . . . . . . . . . Time 81 | . . . . . . . . . . . 81 . . . . . . Total Robot Build Rating 1 | . . . . . . . . . . . 1 . . . . . . Part Schematics Acquired 4 | . . . . . . . . . . . 3 1 . . . . . Parts Built 1 | . . . . . . . . . . . 1 . . . . . . Authchips . | . . . . . . . . . . . . . . . . . . Time 190 | . . . . . . . . . . . 190 . . . . . . Total Part Build Rating 5 | . . . . . . . . . . . 5 . . . . . . Part Studies Acquired 4 | . . . . . . . . . . . 1 1 1 . . . 1 Parts Repaired . | . . . . . . . . . . . . . . . . . . Time . | . . . . . . . . . . . . . . . . . . Parts Recycled . | . . . . . . . . . . . . . . . . . . Recycled Matter . | . . . . . . . . . . . . . . . . . . Retrieved Matter . | . . . . . . . . . . . . . . . . . . Retrieved Components 7 | . . . . . . . . . . . 5 . 2 . . . . Parts Scanalyzed 1 | . . . . . . . . . . . . 1 . . . . . Part Schematics Acquired 1 | . . . . . . . . . . . . 1 . . . . . Parts Damaged . | . . . . . . . . . . . . . . . . . . Bothacking | -11 -10 -10 -10 -9 -8 -7 -7 -7 -7 -6 -5 -4 -3 -3 -3 -3 -2 ------------ Run | Yrd Mat Min Exi Min Mat Fac Was Fac DSF Fac Fac Fac Res Gar Res Gar Res Used RIF Installer 3 | . . . . . . . . . . . . . . 1 . 2 . Command Fork 1 | . . . . . . . . . . . . . . 1 . . . Signal Jammer 1 | . . . . . . . . . . . . . . . . 1 . Autooverride 1 | . . . . . . . . . . . . . . . . 1 . Robots Hacked 12 | . . . . . . . . . . . . 2 1 . . . 9 Non-combat . | . . . . . . . . . . . . . . . . . . Combat 12 | . . . . . . . . . . . . 2 1 . . . 9 Robot Hacks Applied 9 | . . . . . . . . . . . . . . . . . 9 overwrite_iff 6 | . . . . . . . . . . . . . . . . . 6 formatsys_high 3 | . . . . . . . . . . . . . . . . . 3 Relay Couplers Released 10 | . . . . . . . . . . . . . . 5 . 5 . Machine Destruction 10 | . . . . . . . . . . . . . . 5 . 5 . Attached 2 | . . . . . . . . . . . . . . . . . 2 Fabnet Peak Effective % 3 | . . . . . . . . . . . . 3 1 1 1 1 . Autooverrided 3 | . . . . . . . . . . . . 2 1 . . . . Robots Rewired 2 | . . . . . . . . . . . 1 . . . . . 1 Allies Hacked . | . . . . . . . . . . . . . . . . . . Hacks Repelled 1 | . . . . . . . . . . . . . . . . . 1 Allies | -11 -10 -10 -10 -9 -8 -7 -7 -7 -7 -6 -5 -4 -3 -3 -3 -3 -2 -------- Run | Yrd Mat Min Exi Min Mat Fac Was Fac DSF Fac Fac Fac Res Gar Res Gar Res Total Allies 39 | . . . . 1 . . . . . . 7 2 6 1 5 . 17 Largest Group 6 | . . . . 1 . . . . . . 6 3 3 1 5 . 4 Highest-Rated Group 289 | . . . . 57 . . . . . . 257 147 113 51 250 . 289 Highest-Rated Ally 89 | . . . . 57 . . . . . . 49 56 58 51 51 . 89 Initial Warlord ECA Mod 9 | . . . . . . . . . . 9 8 7 6 6 . . . Total Orders 9 | . . . . . . . . . . . 4 4 . 1 . . . STAY 4 | . . . . . . . . . . . 2 2 . . . . . FOLLOW 3 | . . . . . . . . . . . 1 2 . . . . . AID 1 | . . . . . . . . . . . 1 . . . . . . EXPLORE 1 | . . . . . . . . . . . . . . 1 . . . Ally Attacks 177 | . . . . 7 . . . . . . 36 19 23 1 20 . 71 Total Damage 7337 | . . . . 220 . . . . . . 1365 1095 793 12 678 . 3174 Kills 41 | . . . . 3 . . . . . . 7 8 1 . 5 . 17 Allies Corrupted 2 | . . . . . . . . . . . . . . . . . 2 Allies Melted . | . . . . . . . . . . . . . . . . . . Field Lobotomies 2 | . . . . . . . . . . . . . . . . . 2 X0-1V1 Amusement Gains 257 | . 17 . . 60 30 20 . . 10 15 15 . 20 63 . 7 . Good Acts 105 | . 1 . . 2 6 3 5 . 3 3 15 8 7 18 9 13 12 Bad Acts 73 | . 1 1 . 3 2 . . . 1 6 8 8 10 15 . 10 8 Intel | -11 -10 -10 -10 -9 -8 -7 -7 -7 -7 -6 -5 -4 -3 -3 -3 -3 -2 ------- Run | Yrd Mat Min Exi Min Mat Fac Was Fac DSF Fac Fac Fac Res Gar Res Gar Res Active Infowar (turns) 7158 | . . 420 34 . 192 182 182 4 318 . 2286 959 764 1817 . . . Optics 6704 | . . . . . 192 182 182 4 318 . 2286 959 764 1817 . . . Traps 394 | . . . . . . . . . . . 394 . . . . . . Seismic 454 | . . 420 34 . . . . . . . . . . . . . . Robot Analysis Total 2 | . 1 . . . . . . . . . . . 1 . . . . Derelict Logs Recovered 1 | . . 1 . . . . . . . . . . . . . . . Drone Launches 2 | . . . . . . . . . . . . . . 2 . . . Drone Recoveries 2 | . . . . . . . . . . . . . . 2 . . . Exploration | -11 -10 -10 -10 -9 -8 -7 -7 -7 -7 -6 -5 -4 -3 -3 -3 -3 -2 ------------- Run | Yrd Mat Min Exi Min Mat Fac Was Fac DSF Fac Fac Fac Res Gar Res Gar Res Turns Passed 15209 | 90 373 463 369 259 244 182 182 4 348 353 2465 959 764 3132 877 2512 1633 Spaces Moved 8141 | 56 163 289 228 238 283 279 215 7 161 224 1481 588 1041 1289 296 823 480 Core 112 | 15 . . . . . . . . 92 . . . . . . . 5 Treads 2997 | 41 163 289 228 1 . . . . . . . . . 728 296 823 428 Legs 1656 | . . . . . . . . . 27 224 652 584 166 . . . 3 Wheels 1129 | . . . . 237 . . . . 19 . 829 . . . . . 44 Hover 631 | . . . . . 113 279 215 7 13 . . 4 . . . . . Flight 1616 | . . . . . 170 . . . 10 . . . 875 561 . . . Fastest Speed 34 | 50 160 160 160 80 37 56 56 56 56 120 100 104 34 34 235 240 50 Average Speed 141 | 136 160 160 160 86 44 56 56 56 135 130 132 117 52 160 239 240 263 Slowest Speed 2600 | 160 160 160 160 160 60 56 56 56 350 190 330 220 155 240 240 240 2600 Overloaded Moves . | . . . . . . . . . . . . . . . . . . Propulsion Burnouts . | . . . . . . . . . . . . . . . . . . Robots Hopped 14 | . . . . . 2 . . . . . . . 12 . . . . Potential Cave-ins 6 | . . . . . . . . . . . . . . 6 . . . Cave-ins Triggered . | . . . . . . . . . . . . . . . . . . Exploration Rate (%) 41 | 4 31 49 62 59 43 14 87 . 95 5 39 10 30 85 9 70 13 Regions Visited 17 Branch Regions 3 Pre-discovered Areas 1 | . . 1 . . . . . . . . . . . . . . . Known Exits Taken 5 | . . . . . . . . 1 . . 1 1 1 . 1 . . Unknown Exits Taken 7 | 1 1 1 1 1 1 . . . . 1 . . . . . . . Scrap Searched 1 | . . 1 . . . . . . . . . . . . . . . Spaces Dug 76 | . . . . . . . . . . . 22 20 18 10 1 . 5 Terrain Destroyed 736 | . . . . . 64 . 167 . 82 156 59 20 64 40 5 25 54 Melee 60 | . . . . . . . . . . . 22 20 18 . . . . Projectile 122 | . . . . . . . . . 1 3 13 . 2 40 5 25 33 AOE 554 | . . . . . 64 . 167 . 81 153 24 . 44 . . . 21 Terrain Rammed . | . . . . . . . . . . . . . . . . . . Walls Destroyed . | . . . . . . . . . . . . . . . . . . Machines Disabled . | . . . . . . . . . . . . . . . . . . Actions | -11 -10 -10 -10 -9 -8 -7 -7 -7 -7 -6 -5 -4 -3 -3 -3 -3 -2 --------- Run | Yrd Mat Min Exi Min Mat Fac Was Fac DSF Fac Fac Fac Res Gar Res Gar Res Total 10674 | 67 259 290 233 289 390 304 237 6 221 262 1831 779 1202 2067 427 1134 676 Wait 1410 | . 74 . . 43 75 20 . . 1 15 197 108 111 492 88 139 47 Move 8102 | 55 162 288 227 237 278 279 214 6 160 223 1480 587 1021 1288 295 822 480 Hop 10 | . . . . . 2 . . . . . . . 8 . . . . Pick Up 124 | 6 6 . 2 2 9 2 . . 4 . 21 5 3 34 4 21 5 Fast Attach 104 | 6 1 . 1 1 5 . 1 . 8 9 15 14 8 16 2 5 12 Attach 67 | . . 1 . 1 7 2 1 . 3 . 6 3 6 8 4 7 18 Detach 14 | . . . 1 . 1 . . . 1 . . . 3 3 3 1 1 Swap 44 | . 1 . . 2 . 1 . . 3 . 9 1 3 13 1 5 5 Drop 90 | . 5 1 2 2 2 . . . 1 2 14 14 8 23 4 12 . Fire 470 | . 9 . . . 7 . 21 . 34 13 26 . 10 119 26 114 91 Melee 155 | . . . . . . . . . . . 61 47 21 26 . . . Ram 6 | . . . . 1 4 . . . . . 1 . . . . . . Kick 3 | . . . . . . . . . . . . . . . . . 3 Crush 16 | . 1 . . . . . . . . . . . . 7 . . 8 Escape Stasis 30 | . . . . . . . . . 5 . . . . 21 . 4 . Rewire 8 | . . . . . . . . . 1 . 1 . . . . . 6 Trap 4 | . . . . . . . . . . . . . . . . 4 . Miscellaneous 17 | . . . . . . . . . . . . . . 17 . . . Route ------- -11/Scrapyard -10/Materials (discovered 5 exits: Mat x3 / [*Min] / [*Sub]) -10/Mines (discovered 2 exits: *Mat / *Exi) -10/Exiles -9/Mines -8/Materials -7/Factory (discovered 2 exits: Low x2) -7/Waste -7/Factory -7/DSF -6/Factory -5/Factory (discovered 6 exits: *Fac x4 / Upp x2) -4/Factory (discovered 5 exits: *Res x4 / Upp) -3/Research (discovered 7 exits: *Res x3 / Arm / *Qua x2 / Gar) -3/Garrison (discovered 4 exits: *Res x4) -3/Research (discovered 3 exits: Arm / Qua / Gar) -3/Garrison (discovered 3 exits: *Res x3) -2/Research (discovered 1 exit: *Tes) History --------- Turn | Location | Event 3 | -11/Scrapyard | Discovered new exit (range 16) 91 | -11/Scrapyard | Entered Materials 159 | -10/Materials | Discovered new exit (range 6) 189 | -10/Materials | Prayed at D.C.S.S. Altar Unit 305 | -10/Materials | Build established: Mutant 311 | -10/Materials | Identified exit to Materials 405 | -10/Materials | Discovered new exit (range 15) 426 | -10/Materials | X0-1V1 mutated your Propulsion slot to Power slot 464 | -10/Materials | Entered Mines 703 | -10/Mines | Discovered exit to Materials (range 8) 920 | -10/Mines | Deemed a non-threat by the Exiles lab entrance 920 | -10/Mines | Discovered new exit (range 5) 927 | -10/Mines | Entered Exiles 971 | -10/Exiles | Met 8R-AWN 1014 | -10/Exiles | Met EX-HEX 1062 | -10/Exiles | Met EX-BIN 1085 | -10/Exiles | Aligned with FarCom system 1086 | -10/Exiles | Given EX-Vault access code 1128 | -10/Exiles | Opened EX-Vault 1140 | -10/Exiles | Found Field Lobotomy Kit 1172 | -10/Exiles | Warned to stay clear of 0b10 Research branches 1224 | -10/Exiles | Met EX-DEC 1281 | -10/Exiles | Discovered new exit (range 10) 1296 | -10/Exiles | Left Exiles lab with Field Lobotomy Kit 1296 | -10/Exiles | Entered Mines 1297 | -9/Mines | Assembled infested the area 1302 | -9/Mines | Assisted by a Guerilla fighting off Assembled 1306 | -9/Mines | System corruption reached 10% 1347 | -9/Mines | X0-1V1 sent allied Chaos Knight (x1) 1419 | -9/Mines | Core integrity fell below 50% 1438 | -9/Mines | Lost 3 parts (1p2u) 1545 | -9/Mines | Discovered new exit (range 11) 1551 | -9/Mines | Received a Rocket Launcher from a helpful Derelict 1555 | -9/Mines | Entered Materials 1555 | -8/Materials | Evolved 4 slots: Propulsion x3, Utility x1 1673 | -8/Materials | X0-1V1 upgraded hostiles (x2) 1728 | -8/Materials | X0-1V1 downgraded hostiles (x1) 1784 | -8/Materials | Discovered new exit (range 20) 1797 | -8/Materials | Lost 7 parts (1p4n1u1w) 1799 | -8/Materials | Entered Factory 1799 | -7/Factory | Evolved 2 slots: Utility x2 1831 | -7/Factory | Identified exit to Lower Caves 1931 | -7/Factory | Propulsion slot count permanently improved by X0-1V1 (+1) 1981 | -7/Factory | Sucked down chute 1981 | -7/Factory | Entered Waste 2018 | -7/Waste | Spotted C-40 Crusher 2035 | -7/Waste | Melee accuracy permanently improved by X0-1V1 (+7%; -70 max core) 2041 | -7/Waste | Destroyed C-40 Crusher 2046 | -7/Waste | Spotted C-40 Crusher 2063 | -7/Waste | Destroyed C-40 Crusher 2066 | -7/Waste | Spotted C-40 Crusher 2073 | -7/Waste | Spotted C-40 Crusher 2077 | -7/Waste | Destroyed C-40 Crusher 2085 | -7/Waste | Destroyed C-40 Crusher 2096 | -7/Waste | Identified exit to Factory 2096 | -7/Waste | X0-1V1 revealed exit location to -7/Factory 2099 | -7/Waste | Spotted C-40 Crusher 2104 | -7/Waste | Destroyed C-40 Crusher 2108 | -7/Waste | Spotted C-40 Crusher 2116 | -7/Waste | Destroyed C-40 Crusher 2134 | -7/Waste | Build established: Hacker-Mutant 2163 | -7/Waste | Entered Factory 2167 | -7/Factory | Identified exit to DSF 2167 | -7/Factory | Entered DSF 2173 | -7/DSF | Discovered new exit (range 19) 2195 | -7/DSF | Additional patrols routed to DSF 2216 | -7/DSF | Core integrity permanently improved by X0-1V1 (+300) 2231 | -7/DSF | Lost 5 parts (3n2w) 2391 | -7/DSF | Sterilization system engaged 2411 | -7/DSF | Ambient heat levels rising (+10) 2426 | -7/DSF | Ambient heat levels rising (+10) 2441 | -7/DSF | Ambient heat levels rising (+10) 2456 | -7/DSF | Ambient heat levels rising (+10) 2471 | -7/DSF | Ambient heat levels rising (+10) 2486 | -7/DSF | Ambient heat levels rising (+10) 2501 | -7/DSF | Ambient heat levels rising (+10) 2515 | -7/DSF | Entered Factory 2515 | -6/Factory | Evolved 2 slots: Utility x2 2562 | -6/Factory | X0-1V1 sent hostile G-50 Soldier (x6) 2590 | -6/Factory | X0-1V1 released a cloud of subatomizers 2625 | -6/Factory | X0-1V1 sent you into danger 2646 | -6/Factory | Destroyed 10 combat bots 2788 | -6/Factory | Discovered new exit (range 11) 2790 | -6/Factory | X0-1V1 mutated your Utility slot to Weapon slot 2797 | -6/Factory | Lost 4 parts (3n1u) 2800 | -6/Factory | X0-1V1 activates XOMVISION 2868 | -6/Factory | Entered another Factory area 2868 | -5/Factory | Evolved 2 slots: Utility x2 2965 | -5/Factory | Fabricated M-13 Machinist? 3434 | -5/Factory | Allied Derelicts emerged from ambush trap array 3622 | -5/Factory | X0-1V1 activates XOMVISION 3709 | -5/Factory | Lost 6 parts (3n1u2w) 3954 | -5/Factory | Build established: Hacker-Gunner 4053 | -5/Factory | X0-1V1 foreshadows a heat wave 4188 | -5/Factory | Ambient heat levels rising (+10) 4300 | -5/Factory | Identified exit to Upper Caves 4306 | -5/Factory | X0-1V1 mutated your Weapon slot to Propulsion slot 4385 | -5/Factory | Ambient heat levels rising (+10) 4445 | -5/Factory | Fabricated Imp. System Shield? 4539 | -5/Factory | X0-1V1 upgraded hostiles (x1) 4571 | -5/Factory | Ambient heat levels falling (-10) 4575 | -5/Factory | Build established: Hacker-Assassin 4603 | -5/Factory | Lost 3 parts (2n1u) 4638 | -5/Factory | X0-1V1 upgraded hostiles (x1) 4775 | -5/Factory | Ambient heat levels falling (-10) 4837 | -5/Factory | Fabricated Imp. System Shield? 4883 | -5/Factory | Identified exit to Factory 4985 | -5/Factory | Build established: Hacker-Mutant 5147 | -5/Factory | X0-1V1 sent you to a vault 5250 | -5/Factory | Garrison activated, responded to threat 5318 | -5/Factory | X0-1V1 activates XOMVISION 5333 | -5/Factory | Entered another Factory area 5333 | -4/Factory | Accompanied by 3 allies 5333 | -4/Factory | Evolved 2 slots: Utility x2 5689 | -4/Factory | Identified exit to Upper Caves 5689 | -4/Factory | X0-1V1 revealed exit location to -4/Upper Caves 5795 | -4/Factory | X0-1V1 mutated your Propulsion slot to Weapon slot 5996 | -4/Factory | Identified exit to Research 6025 | -4/Factory | X0-1V1 activates XOMVISION 6292 | -4/Factory | Entered Research 6292 | -3/Research | Evolved 2 slots: Utility x2 6302 | -3/Research | X0-1V1 enhanced Transport squad support 6331 | -3/Research | X0-1V1 sent hostile H-77 Assassin (x3) 6362 | -3/Research | X0-1V1 sent allied Thug (x2) 6398 | -3/Research | Lost 5 parts (3n2u) 6533 | -3/Research | Found Prototype Hackware 6533 | -3/Research | Identified Exp. Hacking Suite 6575 | -3/Research | Identified exit to Armory 6575 | -3/Research | X0-1V1 revealed exit location to -3/Armory 6713 | -3/Research | Identified exit to Quarantine 6790 | -3/Research | Identified exit to Research 6796 | -3/Research | X0-1V1 activates XOMVISION 6891 | -3/Research | X0-1V1 activates XOMVISION 6911 | -3/Research | Build established: Wizard-Mutant 6946 | -3/Research | X0-1V1 sent you into danger 7052 | -3/Research | Spotted B-86 Titan 7056 | -3/Research | Identified exit to Garrison 7056 | -3/Research | Entered Garrison 7225 | -3/Garrison | Identified exit to Research 7225 | -3/Garrison | X0-1V1 revealed exit location to -3/Research 7335 | -3/Garrison | X0-1V1 sent you into danger 7552 | -3/Garrison | Triggered checkpoint 7676 | -3/Garrison | Build established: Wizard-Skirmisher 7744 | -3/Garrison | Discovered exit to Research (range 12) 7745 | -3/Garrison | Discovered exit to Research (range 3) 7745 | -3/Garrison | X0-1V1 sent you into danger 7844 | -3/Garrison | Triggered checkpoint 8008 | -3/Garrison | X0-1V1 activates XOMVISION 8067 | -3/Garrison | Forcibly received Sfc. Transmogifier from X0-1V1 8417 | -3/Garrison | Triggered checkpoint 8480 | -3/Garrison | Triggered checkpoint 8650 | -3/Garrison | X0-1V1 mutated your Weapon slot to Utility slot 8730 | -3/Garrison | Triggered checkpoint 8755 | -3/Garrison | Discovered exit to Research (range 11) 8825 | -3/Garrison | X0-1V1 whisked you away to safety 8842 | -3/Garrison | Found Hvy. Scimitar of Distortion 9044 | -3/Garrison | X0-1V1 sent hostile L-61 Swordsman (x2) 9207 | -3/Garrison | Triggered checkpoint 9327 | -3/Garrison | Build established: Scavenger-Mutant 9404 | -3/Garrison | Installed Relay Interface Framework 9660 | -3/Garrison | Rescued a captive Derelict 9724 | -3/Garrison | Phase Generator disabled 9981 | -3/Garrison | Garrison Relay disabled 10061 | -3/Garrison | Expanded RIF knowledge: Command Fork 10188 | -3/Garrison | Entered Research 10188 | -3/Research | Accompanied by 1 ally 10255 | -3/Research | P-80 Master assimilated allied Z8-CE8(h) 10294 | -3/Research | X0-1V1 sent you to a vault 10620 | -3/Research | Build established: Hauler-Mutant 10699 | -3/Research | Garrison activated, responded to threat 10785 | -3/Research | Lost 3 allies 10821 | -3/Research | Weapon slot count temporarily expanded by X0-1V1 (+4) 10911 | -3/Research | X0-1V1 revealed exit location to -3/Armory 11048 | -3/Research | Identified exit to Garrison 11065 | -3/Research | Entered Garrison 11143 | -3/Garrison | Build established: Hauler-Tank 11225 | -3/Garrison | X0-1V1 activates XOMVISION 11277 | -3/Garrison | Triggered checkpoint 11346 | -3/Garrison | Spotted B-86 Titan 11350 | -3/Garrison | Triggered checkpoint 11399 | -3/Garrison | X0-1V1 destroyed Phase Generator 11399 | -3/Garrison | Phase Generator disabled 11446 | -3/Garrison | Build established: Scavenger-Executioner 11527 | -3/Garrison | Spotted B-86 Titan 11623 | -3/Garrison | Destroyed B-86 Titan 11732 | -3/Garrison | X0-1V1 sent hostile X-82 Rainmaker (x3) 11806 | -3/Garrison | Build established: Hauler-Mutant 11984 | -3/Garrison | Destroyed B-86 Titan 12044 | -3/Garrison | X0-1V1 downgraded hostiles (x1) 12072 | -3/Garrison | X0-1V1 sent hostile H-77 Assassin (x3) 12081 | -3/Garrison | Triggered checkpoint 12090 | -3/Garrison | Triggered checkpoint 12149 | -3/Garrison | Lost 7 parts (1p3n3u) 12390 | -3/Garrison | Build established: Scavenger-Mutant 12475 | -3/Garrison | Triggered checkpoint 12537 | -3/Garrison | Expanded RIF knowledge: Signal Jamming 12662 | -3/Garrison | Discovered exit to Research (range 10) 13004 | -3/Garrison | Discovered exit to Research (range 14) 13004 | -3/Garrison | Spotted B-86 Titan 13163 | -3/Garrison | Triggered checkpoint 13249 | -3/Garrison | Garrison Relay disabled 13449 | -3/Garrison | Discovered exit to Research (range 10) 13544 | -3/Garrison | Expanded RIF knowledge: Autooverride 13577 | -3/Garrison | Entered Research 13577 | -2/Research | Evolved 2 slots: Weapon x2 13696 | -2/Research | Identified exit to Testing 13696 | -2/Research | X0-1V1 revealed exit location to -2/Testing 13829 | -2/Research | Garrison activated, responded to threat 13851 | -2/Research | X0-1V1 added 0b10 threat records associated with you (considerable) 13867 | -2/Research | Build established: Scavenger-Tank 14275 | -2/Research | Lost 3 parts (1p2u) 14327 | -2/Research | First assault squad dispatched 14496 | -2/Research | X0-1V1 announced a LAN party 14688 | -2/Research | X0-1V1 sent allied Cetus Guard (x2) 14726 | -2/Research | Lost 13 parts (1p3n6u3w) 14851 | -2/Research | X0-1V1 whisked you away to safety 14883 | -2/Research | Cargo convoy interrupted 14884 | -2/Research | System corruption reached 10% 14926 | -2/Research | Lost 5 parts (1p4u) 14936 | -2/Research | Lost 3 allies 15048 | -2/Research | Assimilated X-87 Electro with FLK Orb 15051 | -2/Research | Assimilated X-87 Electro with FLK Orb 15065 | -2/Research | Core integrity fell below 50% 15087 | -2/Research | Lost 11 parts (3n5u3w) 15113 | -2/Research | Lost 3 allies 15194 | -2/Research | Core integrity fell below 20% 15200 | -2/Research | Released all parts (2) 15210 | -2/Research | Destroyed by G-73 Enforcer with Phase Gun Last Messages --------------- 15200_ Released Cargo Storage Unit. 15200_ Adv. Phase Shifter crushed and broken. 15200_ Exp. Terrain Scanner crushed and broken. 15200_ Lgt. Quantum Reactor crushed and broken. 15200_ Gamma Rifle crushed and broken. 15200_ Adv. Remote Datajack crushed and broken. 15200_ Lgt. Quantum Reactor crushed and broken. 15201_ X0-1V1 is amused. 15201_ Acquired Myomer Leg. 15203_ Acquired Corrupted Biometal Leg. 15203_ Integrated Corrupted Biometal Leg (+10). 15204_ System corrupted: Matter fused (-8). 15204_ Critical hit (Burn: +37). 15205_ X0-1V1 briefly opens a portal to the matter dimension. 15207_ Kicked G-73 Enforcer. 15208_ Kicked G-73 Enforcer out of the way. 15209_ Myomer Leg destroyed. 15209_ Kicked G-73 Enforcer. 15210_ X0-1V1 guffaws! Map ----- +----------------------------------------------------+ | ???????????????????????????????????????????? | | ???????????????????????????????????????????? | | ???????????????????????????????????????????? | | ???????????????????????????????????????????? | | ???????????????????????????????????????????? | | ???????????????????????????????????????????? | | ???????????????????????????????????????????? | | ???????????????????????????????????????????? | | ???????????????????????????????????????????? | | ???????????????????????????????????????????? | | ???????????????????????????????????????????? | | ???????????????????????????????????????????? | | ???????????????????????????????????????????? | | ???????????????????????????????????????????? | | ???????????????????????????????????????????? | | ??????????????????????##???????????????????? | | ???????????????????####"###????????????????? | | ????????????? #???# #????????????????? | | # ####### ##### =% #????????????????? | | # %%[ #????????????????? | | # #### [=>% #######??????????? | | # ?????????? ##### [%[=[# # #??????????? | | ????????????????# #=%[%*[#% ##?????????? | | ?????????????????# =##%=###|#!######???????? | | ??????????????????# #[=#gu!!= ;##??????? | | ????????????????######=%g@g*[%* # #??????? | | ??????????????### ! |#p=%%!* ##???????? | | ??????????????# #%% %%!#[= %!!*! ##???????? | | ??????????????#%# #### #[=%!!*= ##???????? | | ??????????????# # % #*%=][*= #????????? | | ??????????????###% # #[[]=]%= #????????? | | ????????????????# ######*%=!%%* #????????? | | ????????????????# ??????###########????????? | | ????????????????#??????###%*""" #?????????? | | ????????????????#??????# !!= ####?????????? | | ????????????????# ##### *= * #????????????? | | ????????????????# % %! #????????????? | | ????????????????# !! #????????????? | | ????????????????######## * #????????????? | | ???????????????????????# #????????????? | | ???????????????########### "##????????????? | | ???????????????# # # ????????? | | ???????????????# + + #?????? | | ???????????????# """" # " """#?????? | | ??????????????????"""" # # """??????? | | ??????????????????"""" ?# # R"??????? | | ??????????????????"""" ?# # """??????? | | ?????????????????? ??# #? "" ??????? | | ????????????????? = ??# #? ???????? | | ?????????????????#####???# #? ??????? | +----------------------------------------------------+ Best States ------------- Heat Dissipation 106 Coolant Potential 65 Energy Generation 58 Energy Capacity 2040 Matter Stores 900 Matter Capacity 1000 Sight Range 26 Terrain Scan Density 210 Additional Mass Support 12 EM Shielding 4 Armor Coverage 1200 Resistance: KI 35 Resistance: TH 38 Resistance: EX 20 Resistance: EM 20 Resistance: I 20 Resistance: S 20 Resistance: P 20 Phase Shifting 15 Evasion (%) 82 Targeting Accuracy 8 Launcher Accuracy 40 Target Analysis 6 Recoil Reduction 5 Offensive Hacking 52 Defensive Hacking 22 Relay Coupler Types 1 Relay Coupler Value 86 Item Schematics ----------------- Imp. System Shield | -5/Factory | Hacked Cld. VTOL Module | -5/Factory | Hacked Adv. Recalibrator | -5/Factory | Hacked Kinetic Spear | -4/Factory | Scanalyzed Robot Schematics ------------------ M-13 Machinist | -10/Materials | Hacked Fabricated ------------ M-13 Machinist | x1 | -5/Factory Imp. System Shield | x1 | -5/Factory Repaired ---------- Nothing Studied --------- Nuclear Pulse Array | -5/Factory | Hacked Thunder Leg | -4/Factory | Hacked Field Propulsion Array | -3/Research | Hacked Enh. Hardcell Cannon | -2/Research | Hacked Alien Tech Used ----------------- None Achievements -------------- Hot Goods Late Bloomer Challenges ------------ None Game ------ Seed LongswordThermicTelecube Manual? 0 Play Time 03:56:36 Cumulative 255.3 hours Start 2026.08.06 @ 18:37:10 End 2026.08.09 @ 20:42:25 Sessions 15 Manual Loads 0 Difficulty Adventurer Special Mode None Game No. 89 Rogue 67 Adventurer 22 Explorer 0 Win Type - Total 15 Types 10/0/2/1/1/0/0/0/0/1 Lore% 70 Gallery% 62 Achievement% 54 Wizard Run 0 Options --------- Layout 1 ASCII 0 Keyboard 0 Movement Numpad Keybinds 1 Fullscreen 1 Font 24/Smallcaps Map View 50x35 Zoom Use 0% Tactical HUD 1 Map Filters NONE Filters NONE Steam 1 RUN: 368cc07a-d88b-4ac0-8d42-bf7dc0aaec7b